 Dungeon Crawl Stone Soup version 0.25.0-11-g1f837a76a1 (webtiles) character file.

Game seed: 13858153810616224082

978558 shadizar the Gargoyle Barricade (level 27, -11/195 HPs)
             Began as a Gargoyle Fighter on June 25, 2020.
             Was the Champion of the Shining One.
             Killed by divine providence
             ... invoked by a daeva
              (15 damage)
             ... in Pandemonium on June 26, 2020.
             The game lasted 03:29:41 (84638 turns).

shadizar the Gargoyle Barricade (Gargoyle Fighter) Turns: 84638, Time: 03:29:43

Health: -11/195    AC: 68    Str: 29    XL:     27
Magic:  17/39      EV: 33    Int:  7    God:    the Shining One [******]
Gold:   14399      SH: 52    Dex: 20    Spells: 26/26 levels left

rFire    + + +     SeeInvis +   b - +9 sacred scourge (holy)
rCold    + + +     Gourm    .   K - +8 tower shield {AC+3}
rNeg     + + +     Faith    .   Y - +8 crystal plate armour of Pobramm {rC+ rN+ MR+}
rPois    ∞         Spirit   .   S - +2 helmet {SInv}
rElec    +         Reflect  .   w - scarf {rC+ rF+}
rCorr    .         Harm     .   T - +2 pair of gloves "Veepren" {+Inv MR++}
MR       +++++                  J - +2 pair of boots {Stlth+}
Stlth    ..........             c - amulet "Rauffatz" {Acrobat Fragile rF+ rC+ rN++}
HPRegen  0.42/turn              I - ring of Goatogirr {Int-4 Dex+4 Slay+4}
MPRegen  0.26/turn              z - ring "Docloff" {rF+ Dex+7}

@: divine shield, acrobat, flying, hasted, glowing, studying Conjurations, very
quick
A: big wings, deformed body, dopey 1, negative energy resistance 1, screaming 1,
electricity resistance, unbreathing, petrification resistance, rot immunity,
subdued magic 2, AC +20
}: 8/15 runes: decaying, silver, iron, obsidian, icy, bone, fiery, gossamer
a: Stop Flying, Divine Shield, Cleansing Flame, Summon Divine Warrior, Renounce
Religion, Evoke Invisibility


You were in Pandemonium.
You worshipped the Shining One.
The Shining One was exalted by your worship.
You were very hungry.

You visited 15 branches of the dungeon, and saw 75 of its levels.
You visited Pandemonium 1 time, and saw 11 of its levels.
You also visited: Ossuary, Bailey and Ice Cave.

You collected 15145 gold pieces.
You spent 746 gold pieces at shops.

Inventory:

Hand Weapons
 b - a +9 sacred scourge of holy wrath (weapon)
 u - the +8 war axe "Liumoc" {holy, rPois rC+}
   (You took it off an ironheart preserver on level 5 of the Vaults)

   It has been blessed by the Shining One to cause great damage to the undead
   and demons.
   It protects you from cold.
   It protects you from poison.
 L - the +10 zealot's sword {holy, *Rage rN+ EV+3}
   (You acquired it on level 4 of the Swamp)

   It has been blessed by the Shining One to cause great damage to the undead
   and demons.
   It affects your evasion (+3).
   It protects you from negative energy.
   It may make you go berserk in combat.
 M - the +9 scimitar of Kismet {antimagic, Dex+3}
   (You found it on level 3 of the Crypt)

   It reduces the magical energy of the wielder, and disrupts the spells and
   magical abilities of those hit.
   Natural abilities and divine invocations are not affected.
   It affects your dexterity (+3).
Armour
 w - a scarf of resistance (worn)
 J - a +2 pair of boots of stealth (worn)
 K - a +8 tower shield of protection (worn)
 S - a +2 helmet of see invisible (worn)
 T - the +2 pair of gloves "Veepren" (worn) {+Inv MR++}
   (You found it in Pandemonium)

   It affects your resistance to hostile enchantments.
   It lets you turn invisible.
 Y - the +8 crystal plate armour of Pobramm (worn) {rC+ rN+ MR+}
   (You found it on level 4 of the Swamp)

   It protects you from cold.
   It protects you from negative energy.
   It affects your resistance to hostile enchantments.
Jewellery
 c - the amulet "Rauffatz" (around neck) {Acrobat Fragile rF+ rC+ rN++}
   (You acquired it on level 11 of the Dungeon)

   [amulet of the acrobat]

   It helps you evade while moving and waiting.
   It protects you from fire.
   It protects you from cold.
   It greatly protects you from negative energy.
   It will be destroyed if unequipped.
 h - an uncursed amulet of regeneration
 m - the ring of the Vendetta {*Tele rC+ rN+ MP+9 Int-4}
   (You found it on level 7 of the Iron City of Dis)

   [ring of teleportation]

   It may teleport you next to monsters.
   It affects your intelligence (-4).
   It protects you from cold.
   It protects you from negative energy.
   It affects your magic capacity (+9).
 p - the ring "Hireyghicw" {Ice *Contam rElec MR+ Int+3}
   (You found it on level 7 of Cocytus)

   [ring of ice]

   It enhances your ice magic.
   It affects your intelligence (+3).
   It makes you vulnerable to fire.
   It protects you from cold.
   It insulates you from electricity.
   It affects your resistance to hostile enchantments.
   It causes magical contamination when unequipped.
 r - the ring of Plog {rN++ Int+6 Dex-5 Slay+2}
   (You acquired it in Pandemonium)

   [ring of intelligence]

   It affects your intelligence (+6).
   It affects your dexterity (-5).
   It affects your accuracy and damage with ranged weapons and melee attacks
   (+2).
   It greatly protects you from negative energy.
 z - the ring "Docloff" (right hand) {rF+ Dex+7}
   (You found it on level 6 of the Dungeon)

   [ring of protection from fire]

   It affects your dexterity (+7).
   It protects you from fire.
 B - the ring of Qowna {Fire +Inv Str+4 Stlth+}
   (You found it on level 8 of the Dungeon)

   [ring of fire]

   It enhances your fire magic.
   It affects your strength (+4).
   It protects you from fire.
   It makes you vulnerable to cold.
   It lets you turn invisible.
   It makes you more stealthy.
 I - the ring of Goatogirr (left hand) {Int-4 Dex+4 Slay+4}
   (You acquired it in an ice cave)

   [ring of slaying]

   It affects your intelligence (-4).
   It affects your dexterity (+4).
   It affects your accuracy and damage with ranged weapons and melee attacks
   (+4).
 O - an uncursed ring of resist corrosion
 P - the amulet of the Four Winds {rN+ MR+++ Clar}
   (You bought it in a shop on level 2 of the Vaults)

   [amulet of nothing]

   It protects you from negative energy.
   It affects your resistance to hostile enchantments.
   It protects you against confusion.
Wands
 g - a wand of paralysis (10)
 k - a wand of enslavement (22)
 v - a wand of acid (80)
 C - a wand of disintegration (57)
 E - a wand of iceblast (13)
 Q - a wand of digging (10)
 W - a wand of flame (64)
Scrolls
 e - 15 scrolls of identify
 i - 33 scrolls of remove curse
 j - 3 scrolls of holy word
 n - 26 scrolls of teleportation
 t - 11 scrolls of magic mapping
 A - 8 scrolls of silence
 R - 6 scrolls of fear
 U - 10 scrolls of fog
Potions
 a - a potion of brilliance
 d - 10 potions of might
 l - 2 potions of haste
 q - 4 potions of cancellation
 F - 4 potions of ambrosia
 G - 23 potions of curing
 H - 5 potions of resistance
Books
 s - a manual of Conjurations
Comestibles
 f - 85 rations


   Skills:
 + Level 25.7 Fighting
 - Level 15.6 Long Blades
 + Level 20.8 Maces & Flails
 O Level 27 Armour
 - Level 16.0 Dodging
 O Level 27 Shields
 + Level 24.5 Invocations
 - Level 5.2 Evocations


You had 26 spell levels left.
You didn't know any spells.
Your spell library contained the following spells:

 Spells                   Type           Power        Failure   Level  Hunger
 Animate Skeleton         Necr           N/A          91%         1    ##.....
 Apportation              Tloc           #.....       91%         1    ##.....
 Beastly Appendage        Tmut           #.....       91%         1    ##.....
 Corona                   Hex            #......      91%         1    ##.....
 Foxfire                  Conj/Fire      #...         91%         1    ##.....
 Freeze                   Ice            #...         91%         1    ##.....
 Magic Dart               Conj           #...         91%         1    ##.....
 Pain                     Necr           #...         91%         1    ##.....
 Sandblast                Erth           #.....       91%         1    ##.....
 Sting                    Tmut/Pois      #...         91%         1    ##.....
 Summon Butterflies       Summ           #.......     91%         1    ##.....
 Summon Small Mammal      Summ           #...         91%         1    ##.....
 Blink                    Tloc           N/A          97%         2    ###....
 Call Imp                 Summ           #.......     97%         2    ###....
 Corpse Rot               Necr/Air       N/A          97%         2    ###....
 Ensorcelled Hibernation  Hex/Ice        #.....       97%         2    ###....
 Passwall                 Tmut/Erth      #.......     97%         2    ###....
 Poisonous Vapours        Pois/Air       #.....       97%         2    ###....
 Searing Ray              Conj           #.....       97%         2    ###....
 Slow                     Hex            #.......     97%         2    ###....
 Sticks to Snakes         Tmut           #.......     97%         2    ###....
 Swiftness                Chrm/Air       #.......     97%         2    ###....
 Call Canine Familiar     Summ           #.......     100%        3    ####...
 Confusing Touch          Hex            #.......     100%        3    ####...
 Conjure Flame            Conj/Fire      #.......     100%        3    ####...
 Dazzling Flash           Conj/Hex       #.....       100%        3    ####...
 Frozen Ramparts          Ice            #.....       100%        3    ####...
 Gell's Gravitas          Tloc           #.........   100%        3    ####...
 Ignite Poison            Fire/Tmut/Pois #.......     100%        3    ####...
 Inner Flame              Hex/Fire       #.......     100%        3    ####...
 Lesser Beckoning         Tloc           #.........   100%        3    ####...
 Mephitic Cloud           Conj/Pois/Air  #.......     100%        3    ####...
 Ozocubu's Armour         Chrm/Ice       #.......     100%        3    ####...
 Portal Projectile        Hex/Tloc       #.....       100%        3    ####...
 Spectral Weapon          Hex/Chrm       #.......     100%        3    ####...
 Spider Form              Tmut/Pois      #.........   100%        3    ####...
 Stone Arrow              Conj/Erth      #.....       100%        3    ####...
 Summon Guardian Golem    Hex/Summ       #.......     100%        3    ####...
 Tukima's Dance           Hex            #.......     100%        3    ####...
 Vampiric Draining        Necr           #.........   100%        3    ####...
 Animate Dead             Necr           N/A          100%        4    #####..
 Cause Fear               Hex            #.........   100%        4    #####..
 Fulminant Prism          Conj/Hex       #.........   100%        4    #####..
 Hailstorm                Conj/Ice       #.......     100%        4    #####..
 Ice Form                 Ice/Tmut       #.......     100%        4    #####..
 Iskenderun's Mystic Bla  Conj/Tloc      #.......     100%        4    #####..
 Leda's Liquefaction      Hex/Erth       #.........   100%        4    #####..
 Olgreb's Toxic Radiance  Pois           #.......     100%        4    #####..
 Passage of Golubria      Tloc           N/A          100%        4    #####..
 Petrify                  Tmut/Erth      #.......     100%        4    #####..
 Summon Ice Beast         Ice/Summ       #.......     100%        4    #####..
 Summon Lightning Spire   Summ/Air       #.......     100%        4    #####..
 Agony                    Necr           #.......     100%        5    ######.
 Alistair's Intoxication  Tmut/Pois      #.......     100%        5    ######.
 Blade Hands              Tmut           #.........   100%        5    ######.
 Bolt of Magma            Conj/Fire/Erth #.........   100%        5    ######.
 Borgnjor's Vile Clutch   Necr/Erth      #.........   100%        5    ######.
 Iskenderun's Battlesphe  Conj/Chrm      #.......     100%        5    ######.
 Lee's Rapid Deconstruct  Erth           #.........   100%        5    ######.
 Metabolic Englaciation   Hex/Ice        #.........   100%        5    ######.
 Silence                  Hex/Air        #.........   100%        5    ######.
 Summon Forest            Summ/Tloc      #.........   100%        5    ######.
 Yara's Violent Unravell  Hex/Tmut       #.........   100%        5    ######.
 Darkness                 Hex            #.........   100%        6    #######
 Dispersal                Tloc           #.........   100%        6    #######
 Eringya's Noxious Bog    Tmut/Pois      #.........   100%        6    #######
 Freezing Cloud           Conj/Ice/Air   #.........   100%        6    #######
 Invisibility             Hex            #.......     100%        6    #######
 Iron Shot                Conj/Erth      #.........   100%        6    #######
 Ozocubu's Refrigeration  Ice            #.........   100%        6    #######
 Shadow Creatures         Summ           N/A          100%        6    #######
 Simulacrum               Ice/Necr       #.........   100%        6    #######
 Dragon Form              Tmut           #.........   100%        7    #######
 Haunt                    Necr/Summ      #.........   100%        7    #######
 Orb of Destruction       Conj           #.........   100%        7    #######
 Ring of Flames           Chrm/Fire      #.........   100%        7    #######
 Spellforged Servitor     Conj/Summ      #.........   100%        7    #######
 Borgnjor's Revivificati  Necr           #.........   100%        8    #######
 Controlled Blink         Tloc           N/A          100%        8    #######
 Death's Door             Chrm/Necr      #.........   100%        8    #######
 Discord                  Hex            #.........   100%        8    #######
 Disjunction              Tloc           #.........   100%        8    #######
 Infestation              Necr           #.........   100%        8    #######
 Necromutation            Tmut/Necr      #.........   100%        8    #######
 Dragon's Call            Summ           #.........   100%        9    #######
 Shatter                  Erth           #.........   100%        9    #######
 Statue Form              Tmut/Erth      Unusable     N/A         6    N/A

Dungeon Overview and Level Annotations

Branches:
Dungeon (15/15)            Temple (1/1) D:5            Lair (6/6) D:9
  Swamp (4/4) Lair:3       Spider (4/4) Lair:2        Slime (0/5) Lair:5
    Orc (2/2) D:12            Elf (3/3) Orc:2        Vaults (5/5) D:14
  Crypt (3/3) Vaults:2       Tomb (0/3) Crypt:3      Depths (5/5) D:15
   Hell (visited)             Dis (7/7) Hell            Geh (7/7) Hell
    Coc (7/7) Hell            Tar (7/7) Hell            Zot (0/5) Depths:5
Ossuary (visited)          Bailey (visited)           IceCv (visited)

Altars:
Ashenzari
Cheibriados
Dithmenos
Elyvilon
Fedhas
Gozag
Hepliaklqana
Kikubaaqudgha
Makhleb
Nemelex Xobeh
Okawaru
Qazlal
Ru
Sif Muna
Trog
Uskayaw
Vehumet
Wu Jian
Xom
Yredelemnul
Zin
The Shining One
Jiyva

Shops:
D:14 (   Orc:2 }%=*   Elf:3 ((   Vaults:1 *   Vaults:2 *   Vaults:3 *

Portals:
Hell: Depths:1 Depths:2 Depths:3 Depths:4 Depths:5
Abyss: Depths:4
Pandemonium: Depths:3 Depths:4
Ziggurat: Depths:3

Annotations:
D:15 3 runed translucent doors, Kefanin's ghost, adept GrEE
Lair:3 exclusion: 2 oklob plants
Swamp:1 1 runed translucent door, Buem's ghost, adept OgAM
Coc:7 exclusion: ice statue


Innate Abilities, Weirdness & Mutations

You are resistant to torment.
Your stone body is resilient. (AC +20)
You are immune to poison.
Your large and strong wings let you fly indefinitely.
You resist negative energy. (rN+)
You are resistant to electric shocks. (rElec)
You can survive without breathing.
You are immune to petrification.
You are immune to rotting.
Armour fits poorly on your strangely shaped body.
You are dopey. (Int -2)
You occasionally shout uncontrollably at your foes.
Your spells are easier to cast, but less powerful.


Message History

* * * LOW HITPOINT WARNING * * *
The daeva calls down the wrath of the Shining One upon your daeva.
Your daeva is smitten.
Unknown command.
Unknown command.
Unknown command.
Unknown command.
Okay, then.
The cherub sings a powerful hymn!
The daeva goes into a battle-frenzy!
Your daeva calls down the wrath of the Shining One upon the apis.
The apis is smitten.
Your daeva hits the daeva with a +5 eudemon blade of holy wrath!
The daeva dies!
The cherub sings a powerful hymn!
Your daeva calls down the wrath of the Shining One upon the apis.
The apis is smitten.
The daeva calls down the wrath of the Shining One upon you.
The Shining One smites you!
You die...

########## ###........#####
###..........A..)###
##.......@.Y..AA.(AA####
#..#.##############....###
#...###....#......#.#.....
##..###..#.....##..#.##....
##...##......#......#.......
#....##......##############.
##....##.........#)#.#.#.#.#.
#.....#.._...###)'....)....))
#.....##.........#.#.#.#.#.#.


You could see an apis, a daeva (strong) and 2 friendly daevas.

Vanquished Creatures
  Cerebov (Pan)
  Antaeus (Coc:7)
  Asmodeus (Geh:7)
  Ereshkigal (Tar:7)
  the Serpent of Hell (Geh:7)
  Dispater (Dis:7)
  Mara (Vaults:3)
  2 ancient liches
  A pandemonium lord (Pan)
  Sojobo (Vaults:5)
  9 shard shrikes
  Saint Roka (Depths:4)
  Bai Suzhen (Spider:3)
  Xtahua (Crypt:2)
  A caustic shrike (Depths:3)
  Geryon (Hell)
  Jory (Depths:4)
  12 bone dragons
  2 pearl dragons (Pan)
  4 golden dragons
  The ghost of vegansnacktivist the Executioner, an adept DDFi of Makhleb (Vaults:1)
  9 liches
  18 Brimstone Fiends
  10 iron giants
  21 Tzitzimimeh
  11 doom hounds
  7 Hell Sentinels
  2 tentacled monstrosities (Vaults:5)
  15 Ice Fiends
  15 titans
  11 deep elf blademasters
  3 Executioners (Pan)
  5 quicksilver dragons
  8 deep elf master archers
  12 ancient champions
  11 sphinxes
  Gastronok (Lair:3)
  The ghost of Flugkiller the Severer, an adept DDFi of Makhleb (Swamp:4)
  7 thorn hunters
  4 shadow dragons
  2 warmongers (Pan)
  10 tengu reavers
  Kirke (Spider:4)
  A draconian monk (Depths:5)
  3 storm dragons
  Roxanne (Elf:2)
  2 revenants
  10 deep elf sorcerers
  13 daevas (Pan)
  28 balrugs
  27 fire giants
  Louise (Swamp:2)
  2 corrupters (Pan)
  5 ghost moths
  15 iron dragons
  28 frost giants
  13 vault wardens
  A ghost moth (shapeshifter) (Vaults:5)
  4 cacodemons (Pan)
  2 emperor scorpions
  4 orc warlords
  A draconian scorcher (Depths:5)
  4 curse skulls
  6 ghouls
  29 angels (Pan)
  2 draconian annihilators
  19 war gargoyles
  46 reapers
  A caustic shrike skeleton (Depths:3)
  20 very ugly things
  7 deep elf elementalists
  3 spriggan defenders
  18 ophanim (Pan)
  2 elemental wellsprings
  33 stone giants
  16 ironheart preservers
  2 green draconians (Depths:5)
  8 entropy weavers
  2 blood saints (Pan)
  26 apis (Pan)
  A black draconian (Depths:5)
  13 vampire knights
  3 lorocyprocas
  2 red draconians
  Azrael (Spider:3)
  3 yellow draconians
  9 deep elf demonologists
  4 black suns (Pan)
  A purple draconian (Depths:5)
  8 deep elf annihilators
  A white draconian (Depths:5)
  16 spark wasps
  4 green deaths (Pan)
  11 deep elf death magi
  A merfolk javelineer (Depths:1)
  11 blizzard demons
  6 eidola
  5 jiangshi
  22 ettins
  4 quicksilver dragon zombies
  24 yaktaur captains
  A fire dragon (shapeshifter) (Depths:4)
  14 fire dragons
  A merfolk impaler (Depths:1)
  21 ogre magi
  A kraken zombie (Coc:7)
  2 quicksilver dragon skeletons
  12 great orbs of eyes
  33 vault guards
  6 deep elf high priests
  Fannar (D:10)
  22 hydras
  2 hell beasts
  12 rakshasas
  2 monstrous demonspawn (Pan)
  2 shambling mangroves
  5 spriggan air magi
  27 ice dragons
  16 centaur warriors
  6 ghost crabs
  4 catoblepae
  28 dancing weapons
  4 alligators
  3 death knights
  3 death yaks
  49 two-headed ogres
  8 deep troll shamans
  A queen ant (Lair:4)
  8 deep troll earth magi
  9 tengu warriors
  20 hell hogs
  8 titan zombies
  5 spriggan berserkers
  11 vampire magi
  2 iron golems
  15 soul eaters
  Sonja (D:13)
  2 orc high priests
  10 titan skeletons
  41 sun demons
  4 storm dragon skeletons
  35 deep elf knights
  2 small abominations (Elf:3)
  5 storm dragon zombies
  80 skeletal warriors
  A fire crab (Lair:6)
  A death drake (shapeshifter) (Depths:3)
  7 large abominations
  13 sixfirhies (Pan)
  19 deep trolls
  A spark wasp zombie (Depths:3)
  9 swamp dragons
  9 glowing orange brains
  10 shadow wraiths
  8 unseen horrors
  57 hell knights
  4 ghost moth zombies
  2 quicksilver dragon simulacra
  2 gelid demonspawn (Pan)
  A glowing orange brain (shapeshifter) (Elf:1)
  23 flayed ghosts
  An unseen horror (shapeshifter) (Depths:3)
  14 anaconda zombies
  A death drake (Tar:7)
  6 torturous demonspawn (Pan)
  9 wizards
  38 deep elf archers
  20 shadow demons
  6 spriggan druids
  6 golden dragon zombies
  3 infernal demonspawn (Pan)
  11 cherubim (Pan)
  An obsidian statue (Vaults:1)
  3 shadow dragon zombies
  2 lindwurms (shapeshifter)
  A golden dragon skeleton (Hell)
  5 iron dragon zombies
  15 orc knights
  17 ironbrand convokers
  19 phantasmal warriors
  15 necromancers
  8 anaconda skeletons
  2 harpies (shapeshifter) (Depths:1)
  2 harpies (Elf:3)
  17 orb spiders
  4 wolf spider zombies
  94 deep elf magi
  8 frost giant zombies
  41 ugly things
  5 fire giant zombies
  32 wolf spiders
  6 cyclopes
  3 moths of wrath
  2 shadow dragon skeletons
  9 orc sorcerers
  12 stone giant zombies
  16 fire giant skeletons
  7 manticores (Elf:3)
  A black mamba (shapeshifter) (Depths:3)
  A cyclops (shapeshifter) (Depths:3)
  6 stone giant skeletons
  4 torpor snails
  6 iron dragon skeletons
  45 rust devils
  10 molten gargoyles
  A titan simulacrum (Hell)
  7 black mambas
  4 dire elephant zombies
  7 smoke demons
  10 vault sentinels
  A guardian serpent (shapeshifter) (Depths:2)
  7 frost giant skeletons
  2 shock serpent zombies
  10 orange demons
  7 gargoyles
  An ice statue (IceCv)
  17 spiny frogs
  Maggie (D:7)
  57 yaktaurs
  30 hellions
  6 rime drakes
  A yaktaur (shapeshifter) (Vaults:4)
  A green draconian zombie (Dis:6)
  An emperor scorpion zombie (Dis:7)
  A redback zombie (Crypt:1)
  An anaconda simulacrum (Crypt:1)
  4 efreet (Pan)
  11 komodo dragons
  A black draconian zombie (Crypt:2)
  17 demonic crawlers
  2 spriggan zombies (Hell)
  35 tormentors
  29 freezing wraiths
  4 dire elephant skeletons
  2 harpy zombies
  36 ice devils
  2 white draconian skeletons
  A green draconian skeleton (Crypt:2)
  5 tengu conjurers (Depths:1)
  A troll (shapeshifter) (Depths:5)
  3 silent spectres (Tar:7)
  20 hydra zombies
  2 hellwings
  9 trolls
  34 jumping spiders
  A polar bear (shapeshifter) (Depths:3)
  18 polar bears
  38 red devils
  A wind drake (shapeshifter) (Vaults:1)
  7 hydra skeletons
  4 harpy skeletons
  32 hornets
  A slime creature (shapeshifter) (Depths:1)
  8 ice dragon zombies
  50 slime creatures
  11 tyrant leeches
  16 blink frogs
  9 dream sheep
  A deep troll zombie (Hell)
  12 hippogriffs
  2 human simulacra
  16 bog bodies
  An iron dragon simulacrum (Hell)
  A snapping turtle (shapeshifter) (Vaults:5)
  4 ettin zombies
  8 fire dragon zombies
  2 dream sheep (shapeshifter)
  6 alligator zombies
  A fire giant simulacrum (Hell)
  21 shadows
  6 air elementals
  99 flying skulls
  3 redbacks (shapeshifter)
  4 black mamba zombies
  3 ice dragon skeletons
  24 tarantellas
  23 water elementals
  2 wyverns (shapeshifter)
  20 spriggans
  8 ynoxinuls (Pan)
  4 alligator skeletons
  2 elf zombies
  7 vampires
  7 ettin skeletons
  3 wyverns
  15 fire dragon skeletons
  74 redbacks
  33 fire elementals
  A tarantella (shapeshifter) (Depths:3)
  40 yaks
  2 steam dragons (Lair:6)
  6 basilisks
  2 hogs (Spider:4)
  A black mamba skeleton (Dis:7)
  21 wraiths
  16 vampire mosquitoes
  7 chaos spawn (Pan)
  2 neqoxecs
  7 hungry ghosts
  A human (shapeshifter) (Depths:3)
  A hog (shapeshifter) (Vaults:1)
  3 basilisks (shapeshifter)
  15 swamp worms
  11 wargs
  A soldier ant (shapeshifter) (Elf:2)
  A human zombie (Vaults:2)
  A swamp worm (shapeshifter) (Elf:2)
  4 acid dragons
  10 insubstantial wisps
  7 porcupines
  72 hell hounds
  12 water moccasins
  2 monstrous demonspawn zombies (Crypt:2)
  20 soldier ants
  A gelid demonspawn skeleton (Geh:7)
  9 spiny frog zombies
  An ice beast (shapeshifter) (Vaults:1)
  A merfolk skeleton (Tar:7)
  3 spiny frog skeletons
  A torturous demonspawn skeleton (Hell)
  2 hydra simulacra
  53 orc warriors
  12 swamp drakes
  2 alligator simulacra (Coc:6)
  11 ice beasts
  A black bear (D:7)
  2 phantoms
  5 sky beasts
  An eye of draining (D:13)
  A snapping turtle zombie (Tar:7)
  A swamp dragon zombie (Coc:1)
  42 ogres
  2 manticore zombies
  An eye of draining (shapeshifter) (Vaults:2)
  23 necrophages
  A wolf (shapeshifter) (Vaults:2)
  4 snapping turtle skeletons
  5 boggarts
  3 manticore skeletons
  A centaur (shapeshifter) (Vaults:5)
  25 wolves
  9 crocodiles
  An elf simulacrum (Vaults:1)
  23 centaurs
  3 big kobolds
  13 bullfrogs
  A cyclops zombie (Crypt:1)
  A gnoll sergeant (D:8)
  An ogre simulacrum (Vaults:1)
  An earth elemental (Elf:3)
  2 wyvern zombies
  A wyvern skeleton (D:14)
  2 scorpions
  A warg zombie (Crypt:1)
  A water moccasin skeleton (D:11)
  A shapeshifter zombie (Crypt:2)
  14 killer bees
  An electric eel (Spider:2)
  77 wights
  A howler monkey (D:12)
  A bullfrog zombie (D:7)
  5 lava snakes (Lair:6)
  16 crimson imps
  A basilisk zombie (Crypt:1)
  2 centaur skeletons
  4 centaur zombies
  10 hounds
  3 jellies
  33 orc priests
  2 bullfrog skeletons
  24 iron imps
  44 orc wizards
  3 iguanas
  A human skeleton (Crypt:1)
  25 worker ants
  A worker ant (shapeshifter) (Vaults:5)
  An ogre zombie (Dis:7)
  A tengu zombie (Tar:7)
  2 hound skeletons
  15 mummies
  4 worker ant zombies
  18 gnolls
  A gnoll (shapeshifter) (Depths:1)
  A howler monkey skeleton (D:10)
  11 adders
  21 shadow imps
  11 white imps
  3 oozes
  An adder skeleton (D:4)
  4 worms
  A barachi zombie (Crypt:1)
  4 dart slugs
  6 leopard geckos
  120 orcs
  A ball python (D:2)
  8 bats
  12 giant cockroaches
  24 goblins
  18 hobgoblins
  7 jackals
  4 quokkas
  9 frilled lizards
  A giant cockroach zombie (D:6)
  2 gnoll skeletons (Ossuary)
  2 gnoll zombies (D:9)
  2 goblin skeletons (Ossuary)
  2 jackal zombies
  21 kobolds
  2 kobold skeletons
  A kobold zombie (Geh:2)
  4 orc skeletons
  2 orc zombies
  14 rats
  11 rat skeletons (Ossuary)
  2 briar patches (Swamp:3)
  4 crawling corpses
  3 tentacles (Coc:7)
  2 withered plants (Crypt:3)
4220 creatures vanquished.

Vanquished Creatures (collateral kills)
  A daeva (Pan)
1 creature vanquished.

Vanquished Creatures (others)
  An Ice Fiend (Pan)
  An elemental wellspring (Coc:7)
  An ironheart preserver (Vaults:5)
  A hell hog (Geh:7)
  An ogre mage (D:15)
  A flayed ghost (Dis:3)
  A necromancer (Geh:7)
  A wizard (Depths:1)
  A rust devil (Dis:7)
  A yaktaur (Vaults:4)
  3 jumping spiders
  A redback (Spider:1)
  4 humans (Spider:4)
  An ogre (Depths:1)
  2 boggarts (Depths:2)
  A centaur (Vaults:1)
  A boggart (shapeshifter) (Vaults:5)
  2 wights (Geh:2)
  A crimson imp (Geh:3)
  An iron imp (Dis:6)
  4 orc wizards
  A shadow imp (Tar:5)
  4 orcs
  6 briar patches
  5 fungi
  20 plants
  A tentacle (Coc:7)
68 creatures vanquished.

Grand Total: 4289 creatures vanquished

Notes
Turn   | Place    | Note
-------+----------+-------------------------------------------
     0 | D:1      | shadizar the Gargoyle Fighter began the quest for the Orb.
     0 | D:1      | Reached XP level 1. HP: 14/14 MP: 1/1
   160 | D:1      | Reached XP level 2. HP: 19/19 MP: 2/2
   409 | D:1      | Reached XP level 3. HP: 9/23 MP: 3/3
  1289 | D:2      | Reached skill level 1 in Dodging
  1365 | D:2      | Reached XP level 4. HP: 29/29 MP: 4/4
  2106 | D:3      | Reached XP level 5. HP: 33/33 MP: 5/5
  2656 | D:3      | You fall into a shaft and drop 2 floors!
  2656 | D:5      | Entered Level 5 of the Dungeon
  2810 | D:3      | Found a faded altar of an unknown god.
  3039 | D:4      | Got a buzzing ring mail
  3127 | D:4      | Reached XP level 6. HP: 35/38 MP: 6/6
  3877 | D:6      | Found an ornate altar of the Wu Jian Council.
  4122 | D:6      | Got a scorched wooden ring
  4247 | D:6      | Reached XP level 7. HP: 44/44 MP: 7/7
  4587 | D:5      | Found a staircase to the Ecumenical Temple.
  4595 | D:5      | Reached skill level 5 in Armour
  4600 | Temple   | Entered the Ecumenical Temple
  4949 | D:5      | Reached skill level 5 in Fighting
  4949 | D:5      | Reached skill level 5 in Shields
  5023 | D:5      | Found a glowing silver altar of Zin.
  5023 | D:5      | Found a hazy altar of Hepliaklqana.
  5646 | D:7      | Noticed Maggie
  5658 | D:7      | Killed Maggie
  5658 | D:7      | Reached XP level 8. HP: 33/51 MP: 8/8
  5899 | D:7      | Found a sand-covered staircase.
  5904 | Ossuary  | Entered an ossuary
  6377 | Ossuary  | Reached skill level 5 in Maces & Flails
  6922 | D:7      | Noticed a hippogriff
  6948 | D:7      | Killed a hippogriff
  6948 | D:7      | Reached XP level 9. HP: 36/56 MP: 9/9
  7629 | D:7      | Identified the +6 ring mail of Feci {rC+ Dex+3 SInv} (You
                  | found it on level 4 of the Dungeon)
  7638 | D:7      | Identified the ring "Docloff" {rF+ Dex+7} (You found it on
                  | level 6 of the Dungeon)
  7993 | D:8      | Got a pitted golden ring
  8278 | D:8      | Identified the ring of Qowna {Fire +Inv Str+4 Stlth+} (You
                  | found it on level 8 of the Dungeon)
  8355 | D:9      | Noticed a two-headed ogre
  8364 | D:9      | Killed a two-headed ogre
  8364 | D:9      | Reached skill level 5 in Dodging
  8364 | D:9      | Reached XP level 10. HP: 57/64 MP: 10/10
  8448 | D:9      | Found a white marble altar of Elyvilon.
  8683 | D:9      | You fall into a shaft and drop 3 floors!
  8820 | D:12     | Found a staircase to the Orcish Mines.
  8820 | D:12     | Noticed a two-headed ogre
  8839 | D:12     | Killed a two-headed ogre
  8892 | D:12     | Found a flagged portal.
  8907 | D:12     | Found a frozen archway.
  8929 | Bailey   | Entered a bailey
  9045 | Bailey   | Reached XP level 11. HP: 69/69 MP: 11/11
  9060 | Bailey   | Noticed an orc knight
  9079 | Bailey   | Killed an orc knight
  9211 | Bailey   | Noticed an orc warlord
  9213 | Bailey   | Noticed an orc knight
  9244 | Bailey   | Killed an orc warlord
  9253 | Bailey   | Killed an orc knight
  9368 | IceCv    | Entered an ice cave
  9375 | IceCv    | Identified 2 scrolls of acquirement
  9378 | IceCv    | Got the ring of Goatogirr {Int-4 Dex+4 Slay+4}
  9701 | IceCv    | Noticed a death yak
  9723 | IceCv    | Killed a death yak
  9723 | IceCv    | Reached XP level 12. HP: 77/77 MP: 12/12
  9777 | IceCv    | Reached skill level 10 in Armour
  9781 | IceCv    | Reached skill level 10 in Shields
  9798 | IceCv    | Reached skill level 10 in Fighting
 10594 | IceCv    | Noticed a frost giant
 10610 | IceCv    | Killed a frost giant
 11453 | D:11     | Got a fading rapier
 11763 | D:11     | Found a stormy altar of Qazlal.
 11950 | D:11     | Got the amulet "Rauffatz" {Acrobat Fragile rF+ rC+ rN++}
 11965 | D:11     | Identified the cursed +1 rapier "Beetleslayer" {pain,
                  | Int+6} (You found it on level 11 of the Dungeon)
 12330 | D:10     | Entered Level 10 of the Dungeon
 12333 | D:10     | Noticed Fannar
 12411 | D:10     | Killed Fannar
 12411 | D:10     | Reached skill level 10 in Maces & Flails
 12411 | D:10     | Reached XP level 13. HP: 79/84 MP: 13/13
 12605 | D:10     | Paralysed by an orc warrior for 7 turns
 13661 | D:9      | Found an iron altar of Okawaru.
 13662 | D:9      | Found a shimmering altar of Xom.
 13662 | D:9      | Found a sacrificial altar of Ru.
 13677 | D:9      | Became a worshipper of Warmaster Okawaru
 13683 | D:9      | Found a staircase to the Lair.
 13878 | D:9      | Found a basalt altar of Yredelemnul.
 14073 | Lair:1   | Entered Level 1 of the Lair of Beasts
 14234 | Lair:1   | Reached * piety under Okawaru
 14978 | Lair:2   | Reached ** piety under Okawaru
 15195 | Lair:2   | Found a hole to the Spider Nest.
 15849 | Lair:3   | Found a staircase to the Swamp.
 15940 | Lair:3   | Reached *** piety under Okawaru
 15979 | Lair:3   | Reached skill level 1 in Invocations
 16323 | Lair:3   | Noticed Gastronok
 16342 | Lair:3   | Killed Gastronok
 16425 | Lair:3   | Reached **** piety under Okawaru
 16425 | Lair:3   | Gained mutation: Your large and strong wings let you fly
                  | indefinitely. [Gargoyle growth]
 16425 | Lair:3   | Reached XP level 14. HP: 85/91 MP: 15/15
 17655 | Lair:4   | Noticed an entropy weaver
 17703 | Lair:4   | Noticed an entropy weaver
 17853 | Lair:4   | Killed an entropy weaver
 17853 | Lair:4   | Received a gift from Okawaru
 18052 | Lair:4   | Killed an entropy weaver
 18083 | Lair:4   | Got a warped shortbow
 18436 | Lair:5   | Found a viscous altar of Jiyva.
 18436 | Lair:5   | Found a staircase to the Slime Pits.
 18524 | Lair:5   | Reached ***** piety under Okawaru
 18593 | Lair:5   | Got a scorched tin ring
 19096 | Lair:5   | Identified the ring "Kisew" {rPois rN+ Dex+2} (You found it
                  | on level 5 of the Lair of Beasts)
 19113 | Lair:6   | Entered Level 6 of the Lair of Beasts
 19352 | Lair:6   | Received a gift from Okawaru
 19528 | Lair:6   | Reached skill level 5 in Invocations
 19617 | Lair:6   | Found a large runed translucent door.
 19617 | Lair:6   | Found a large runed translucent door.
 20266 | Lair:6   | Reached XP level 15. HP: 76/97 MP: 19/19
 21089 | Orc:1    | Entered Level 1 of the Orcish Mines
 21126 | Orc:1    | Paralysed by an orc sorcerer for 5 turns
 21163 | D:12     | Paralysed by an orc sorcerer for 5 turns
 21585 | Orc:2    | Entered Level 2 of the Orcish Mines
 21904 | Orc:2    | Reached skill level 10 in Dodging
 22161 | Orc:2    | Found a staircase to the Elven Halls.
 22213 | Orc:2    | Found Upovug's Assorted Antiques.
 22213 | Orc:2    | Found Yllyshre's Jewellery Shop.
 22214 | Orc:2    | Found Jilor's Gadget Boutique.
 22217 | Orc:2    | Found Lytih's Food Boutique.
 22271 | Orc:2    | Received a gift from Okawaru
 22951 | Orc:1    | Noticed an orc warlord
 23135 | Orc:1    | Killed an orc warlord
 23800 | D:13     | Noticed Sonja
 23819 | D:13     | Killed Sonja
 24166 | D:13     | Received a gift from Okawaru
 25094 | D:14     | Found a gate to the Vaults.
 25108 | D:14     | Found Raymassy's Weapon Boutique.
 25392 | D:15     | Entered Level 15 of the Dungeon
 25485 | D:15     | Reached XP level 16. HP: 85/104 MP: 21/21
 25487 | D:15     | HP: 4/104 [ettin/+0 dire flail (25)]
 25976 | D:15     | Found a shadowy altar of Dithmenos.
 26128 | D:15     | Found a staircase to the Depths.
 26164 | D:15     | Found a runed translucent gate.
 26164 | D:15     | Found a runed translucent gate.
 26165 | D:15     | Found a runed translucent gate.
 26165 | D:15     | Noticed Kefanin's ghost (adept GrEE)
 26649 | Swamp:1  | Entered Level 1 of the Swamp
 26662 | Swamp:1  | Received a gift from Okawaru
 26744 | Swamp:1  | Found a radiant altar of Vehumet.
 26932 | Swamp:1  | Noticed a thorn hunter
 26948 | Swamp:1  | Killed a thorn hunter
 27313 | Swamp:1  | Found a runed translucent door.
 27313 | Swamp:1  | Noticed Buem's ghost (adept OgAM)
 27739 | Swamp:2  | Reached ****** piety under Okawaru
 27739 | Swamp:2  | Received a gift from Okawaru
 27808 | Swamp:2  | Noticed a thorn hunter
 27825 | Swamp:2  | Killed a thorn hunter
 28025 | Swamp:2  | Noticed a thorn hunter
 28036 | Swamp:2  | Killed a thorn hunter
 28356 | Swamp:2  | Noticed Louise
 28382 | Swamp:2  | Killed Louise
 28783 | Swamp:3  | Received a gift from Okawaru
 28786 | Swamp:3  | Got an encrusted dire flail {god gift}
 28788 | Swamp:3  | Identified the +11 dire flail "Ganuij" {freeze, Str+3}
                  | (Okawaru gifted it to you on level 3 of the Swamp)
 28791 | Swamp:3  | Noticed a thorn hunter
 28978 | Swamp:3  | Killed a thorn hunter
 29490 | Swamp:3  | Reached XP level 17. HP: 111/111 MP: 23/23
 29638 | Swamp:4  | Entered Level 4 of the Swamp
 29683 | Swamp:3  | Received a gift from Okawaru
 29688 | Swamp:3  | Got a faintly humming robe {god gift}
 30062 | Swamp:4  | Found a runed translucent gate.
 30062 | Swamp:4  | Found a runed translucent gate.
 30062 | Swamp:4  | Found a runed translucent gate.
 30064 | Swamp:4  | Noticed Flugkiller's ghost (adept DDFi)
 30535 | Swamp:4  | Reached skill level 10 in Invocations
 30550 | Swamp:4  | Got a decaying rune of Zot
 31013 | Swamp:4  | Killed Flugkiller's ghost
 31043 | Swamp:4  | Got a faintly humming crystal plate armour
 31057 | Swamp:4  | Identified the +1 robe of Camp {*Drain rElec rF++ rN+}
                  | (Okawaru gifted it to you on level 3 of the Swamp)
 31067 | Swamp:4  | Identified the +8 crystal plate armour of Pobramm {rC+ rN+
                  | MR+} (You found it on level 4 of the Swamp)
 31076 | Swamp:4  | Found the +10 zealot's sword {holy, *Rage rN+ EV+3}
 31078 | Swamp:4  | Got the +10 zealot's sword {holy, *Rage rN+ EV+3}
 31461 | Spider:1 | Entered Level 1 of the Spider Nest
 31565 | Spider:1 | Reached skill level 1 in Long Blades
 32382 | Spider:1 | Received a gift from Okawaru
 32553 | Spider:2 | Reached skill level 15 in Armour
 32618 | Spider:2 | Reached XP level 18. HP: 85/118 MP: 25/25
 32978 | Spider:2 | Reached skill level 15 in Shields
 33069 | Spider:2 | Reached skill level 15 in Fighting
 33458 | Spider:3 | Noticed Azrael
 33715 | Spider:3 | Killed Azrael
 33816 | Spider:3 | Received a gift from Okawaru
 34248 | Spider:3 | Noticed Bai Suzhen
 34266 | Spider:3 | Killed Bai Suzhen
 34266 | Spider:3 | Reached skill level 5 in Long Blades
 34866 | Spider:4 | Entered Level 4 of the Spider Nest
 35149 | Spider:4 | Received a gift from Okawaru
 35785 | Spider:4 | Noticed Kirke
 35808 | Spider:4 | Killed Kirke
 36056 | Spider:4 | Received a gift from Okawaru
 36420 | Spider:4 | Got a gossamer rune of Zot
 36802 | Vaults:1 | Entered Level 1 of the Vaults
 36825 | Vaults:1 | Reached XP level 19. HP: 124/124 MP: 27/27
 37120 | Vaults:1 | Found a runed translucent gate.
 37120 | Vaults:1 | Found a runed translucent gate.
 37120 | Vaults:1 | Found a runed translucent gate.
 37121 | Vaults:1 | Found an opulent altar of Gozag.
 37121 | Vaults:1 | Found Ufybb's Assorted Antiques.
 37122 | Vaults:1 | Noticed vegansnacktivist's ghost (adept DDFi)
 37160 | Vaults:1 | Killed vegansnacktivist's ghost
 37160 | Vaults:1 | Received a gift from Okawaru
 37956 | Vaults:1 | Received a gift from Okawaru
 38566 | Vaults:2 | You are sucked into a shaft and drop 1 floor!
 38932 | Vaults:2 | Reached XP level 20. HP: 128/131 MP: 29/29
 39293 | Vaults:2 | Received a gift from Okawaru
 39342 | Vaults:2 | Got a bloodstained flail {god gift}
 39444 | Vaults:2 | Found Oberozam's General Store.
 39450 | Vaults:2 | Bought the amulet of the Four Winds {rN+ MR+++ Clar} for
                  | 746 gold pieces
 39450 | Vaults:2 | Found the amulet of the Four Winds {rN+ MR+++ Clar}
 39466 | Vaults:2 | Found a staircase to the Crypt.
 40546 | Vaults:2 | Received a gift from Okawaru
 40565 | Vaults:2 | Reached skill level 10 in Long Blades
 40774 | Vaults:3 | Noticed Mara
 40799 | Vaults:3 | Noticed shadizar's illusion
 40799 | Vaults:3 | Killed Mara
 41482 | Vaults:3 | Found a shattered altar of Ashenzari.
 41832 | Vaults:3 | Found Kastreco's General Store.
 42332 | Vaults:4 | Reached XP level 21. HP: 84/137 MP: 24/30
 43184 | Vaults:4 | Received a gift from Okawaru
 43668 | Vaults:4 | Identified the +8 flail of Qynis {flame, rC+++ MR- Str-2}
                  | (Okawaru gifted it to you on level 2 of the Vaults)
 43675 | Vaults:5 | Entered Level 5 of the Vaults
 43677 | Vaults:5 | Noticed Sojobo
 44332 | Vaults:5 | Received a gift from Okawaru
 44336 | Vaults:5 | Got a fine long sword {god gift}
 44620 | Vaults:5 | Identified the +8 war axe "Liumoc" {holy, rPois rC+}
 44634 | Vaults:5 | Received a gift from Okawaru
 44747 | Vaults:5 | Reached XP level 22. HP: 128/145 MP: 32/32
 44974 | Vaults:5 | Killed Sojobo
 45140 | Vaults:5 | Got a silver rune of Zot
 45251 | Vaults:5 | Identified the +1 long sword "Demonslayer" {holy, Int+5}
                  | (Okawaru gifted it to you on level 5 of the Vaults)
 45353 | Vaults:5 | Received a gift from Okawaru
 45687 | Vaults:5 | Noticed a golden dragon
 45697 | Vaults:5 | Killed a golden dragon
 46286 | Depths:1 | Entered Level 1 of the Depths
 46299 | D:15     | Paralysed by a great orb of eyes for 7 turns
 46491 | Depths:1 | Paralysed by a wizard for 2 turns
 46729 | Depths:1 | Received a gift from Okawaru
 47207 | Depths:1 | Found a gateway to Hell.
 47211 | Depths:1 | Reached XP level 23. HP: 152/152 MP: 34/34
 47533 | Depths:1 | Received a gift from Okawaru
 48527 | Depths:1 | Reached skill level 15 in Invocations
 48865 | Depths:2 | You are sucked into a shaft and drop 2 floors!
 48865 | Depths:4 | Noticed Saint Roka
 48905 | Depths:4 | Killed Saint Roka
 49119 | Depths:3 | Found a one-way gate leading to the halls of Pandemonium.
 49217 | Depths:3 | Received a gift from Okawaru
 49670 | Depths:2 | Noticed a golden dragon
 49687 | Depths:2 | Killed a golden dragon
 49924 | Depths:2 | Received a gift from Okawaru
 49928 | Depths:2 | Got a warped eveningstar {god gift}
 50059 | Depths:2 | Reached XP level 24. HP: 159/159 MP: 34/34
 51079 | Depths:2 | Identified the +1 eveningstar "Afassovae" {vamp, MR+}
                  | (Okawaru gifted it to you on level 2 of the Depths)
 51261 | Depths:3 | Received a gift from Okawaru
 51280 | Depths:3 | Noticed an ancient lich
 51297 | Depths:3 | Killed an ancient lich
 51299 | Depths:3 | Identified the cursed +0 chain mail of Leklaxky {*Corrode
                  | rElec rPois}
 51772 | Depths:3 | Noticed a caustic shrike
 51787 | Depths:3 | Killed a caustic shrike
 51798 | Depths:3 | Reached skill level 15 in Dodging
 51982 | Depths:3 | Got an ivory long sword
 52005 | Depths:3 | Got smoking steam dragon scales
 52213 | Depths:3 | Found a gateway to a ziggurat.
 52354 | Depths:3 | Identified the cursed +1 steam dragon scales of New
                  | Discoveries {+Blink rElec Slay-4} (You found it on level 3
                  | of the Depths)
 52366 | Depths:3 | Identified the +4 long sword "Imp's Bane" {vorpal, +Inv rF-
                  | MP+9 SInv} (You found it on level 3 of the Depths)
 52645 | Temple   | Fell from the grace of Okawaru
 52645 | Temple   | Became a worshipper of the Shining One
 53073 | Depths:4 | Reached XP level 25. HP: 128/166 MP: 35/35
 53452 | Depths:4 | Reached * piety under the Shining One
 53740 | Depths:4 | Found a one-way gate to the infinite horrors of the Abyss.
 53861 | Depths:4 | Found a snail-covered altar of Cheibriados.
 54815 | Depths:4 | Gained mutation: Your spells are a little easier to cast,
                  | but a little less powerful. [a shining eye]
 54940 | Depths:4 | Reached skill level 15 in Long Blades
 55134 | Depths:4 | Noticed Jory
 55162 | Depths:4 | Killed Jory
 55322 | Depths:4 | Reached ** piety under the Shining One
 55728 | Depths:5 | Entered Level 5 of the Depths
 56047 | Depths:5 | Reached *** piety under the Shining One
 56112 | Depths:5 | Found a gate to the Realm of Zot.
 57031 | Crypt:1  | Entered Level 1 of the Crypt
 57142 | Crypt:1  | Reached **** piety under the Shining One
 57455 | Crypt:1  | Reached ***** piety under the Shining One
 58279 | Crypt:2  | Noticed Xtahua
 58290 | Crypt:2  | Killed Xtahua
 58290 | Crypt:2  | Reached XP level 26. HP: 173/173 MP: 35/35
 58306 | Crypt:2  | Got a brightly glowing tin amulet
 58546 | Crypt:2  | Was forgiven by Okawaru
 58945 | Crypt:3  | Entered Level 3 of the Crypt
 58998 | Crypt:3  | Got a fine iron ring
 59061 | Crypt:3  | Reached ****** piety under the Shining One
 59091 | Crypt:3  | Identified a +5 sacred scourge of holy wrath (a +3 demon
                  | whip of flaming blessed by the Shining One)
 59091 | Crypt:3  | Received a gift from the Shining One
 59404 | Crypt:3  | Found a staircase to the Tomb.
 60071 | Crypt:3  | Found an ancient bone altar of Kikubaaqudgha.
 60127 | Crypt:3  | Got a steaming scimitar
 60140 | Crypt:3  | Noticed an ancient lich
 60151 | Crypt:3  | Killed an ancient lich
 60161 | Crypt:3  | Identified the Collected Works on Feathery Ice
 60638 | Depths:2 | Identified the +9 scimitar of Kismet {antimagic, Dex+3}
                  | (You found it on level 3 of the Crypt)
 60640 | Depths:2 | Identified the ring "Seosoif" {Int+4 Dex+2 SInv} (You found
                  | it on level 3 of the Crypt)
 60644 | Depths:2 | Identified the amulet of Finality {Acrobat +Fly rC+ MR-
                  | Dex+5} (You found it on level 2 of the Crypt)
 60682 | Hell     | Entered the Vestibule of Hell
 60717 | Hell     | Noticed Geryon
 60897 | Hell     | Killed Geryon
 61110 | Hell     | Found a gateway to the Iron City of Dis.
 61123 | Hell     | Reached skill level 15 in Maces & Flails
 61354 | Hell     | Found a gateway to the freezing wastes of Cocytus.
 61470 | Hell     | Found a gateway to the decaying netherworld of Tartarus.
 61668 | Hell     | Found a gateway to the ashen valley of Gehenna.
 61761 | Tar:1    | Entered Level 1 of Tartarus
 61913 | Tar:1    | Reached XP level 27. HP: 179/179 MP: 35/35
 62278 | Tar:2    | You are sucked into a shaft and drop 1 floor!
 62991 | Tar:5    | You are sucked into a shaft and drop 1 floor!
 62993 | Tar:6    | You are sucked into a shaft and drop 1 floor!
 62993 | Tar:7    | Entered Level 7 of Tartarus
 64002 | Tar:7    | Reached skill level 1 in Evocations
 64375 | Tar:7    | Noticed Ereshkigal
 64419 | Tar:7    | Killed Ereshkigal
 64475 | Tar:7    | Got a bone rune of Zot
 65345 | Tar:7    | Reached skill level 5 in Evocations
 65584 | Coc:1    | Entered Level 1 of Cocytus
 66703 | Coc:7    | Entered Level 7 of Cocytus
 67146 | Coc:7    | Noticed Antaeus
 67189 | Coc:7    | HP: 8/181 [Antaeus (5)]
 67206 | Coc:7    | Killed Antaeus
 67232 | Coc:7    | Got a slimy granite ring
 67235 | Coc:7    | Got a twisted battleaxe
 67238 | Coc:7    | Got a smoking war axe
 67242 | Coc:7    | Got an icy rune of Zot
 67832 | Coc:7    | Identified the Disquisition on Assistive Displacement
 67979 | Hell     | Identified the ring "Hireyghicw" {Ice *Contam rElec MR+
                  | Int+3} (You found it on level 7 of Cocytus)
 67980 | Hell     | Identified the +4 battleaxe of Luxury {freeze, Int-5 Dex+6}
                  | (You found it on level 7 of Cocytus)
 67981 | Hell     | Identified the +5 war axe of Modesty {flame, +Blink MR+
                  | Str+3} (You found it on level 7 of Cocytus)
 68075 | Dis:1    | Entered Level 1 of the Iron City of Dis
 68809 | Dis:7    | Entered Level 7 of the Iron City of Dis
 69780 | Dis:7    | HP: 7/184 [Hell Sentinel/damnation (35)]
 70903 | Dis:7    | Identified the +9 mace of Wrath {flame, *Slow rPois Str+4
                  | Dex+3}
 70989 | Dis:7    | Got a glittering bone ring
 71454 | Dis:7    | Identified the +4 staff of Dispater
 71454 | Dis:7    | Noticed Dispater
 71512 | Dis:7    | Killed Dispater
 71653 | Dis:7    | Got an iron rune of Zot
 71802 | Hell     | Identified the ring of the Vendetta {*Tele rC+ rN+ MP+9
                  | Int-4} (You found it on level 7 of the Iron City of Dis)
 71820 | Geh:1    | Entered Level 1 of Gehenna
 72573 | Geh:3    | You are sucked into a shaft and drop 3 floors!
 72697 | Geh:7    | Entered Level 7 of Gehenna
 73613 | Geh:7    | Noticed the Serpent of Hell
 73626 | Geh:7    | Killed the Serpent of Hell
 73918 | Geh:7    | Found the +4 Cigotuvi's embrace {rRot *Drain rN+}
 74030 | Geh:7    | Identified the +7 sceptre of Asmodeus
 74030 | Geh:7    | Noticed Asmodeus
 74073 | Geh:7    | Killed Asmodeus
 74120 | Geh:7    | Got an obsidian rune of Zot
 74504 | Elf:1    | Entered Level 1 of the Elven Halls
 74581 | Elf:1    | Found a transporter.
 74583 | Elf:1    | Found a radiant altar of Vehumet.
 74676 | Elf:1    | Found a transporter.
 74677 | Elf:1    | Identified the Tome of the Traveller and Augmentations
 75911 | Elf:2    | Found a runed translucent gate.
 75931 | Elf:2    | Found a runed translucent gate.
 75936 | Elf:2    | Found a runed translucent gate.
 75942 | Elf:2    | Identified Roxanne's Reference Book on the Rocks
 75942 | Elf:2    | Noticed Roxanne
 76019 | Elf:2    | Killed Roxanne
 76236 | Elf:2    | Found a shimmering blue altar of Sif Muna.
 76900 | Elf:3    | Entered Level 3 of the Elven Halls
 76997 | Elf:3    | Found Jogok's Weapon Emporium.
 77885 | Elf:3    | Identified the +8 long sword of Uptalerouff {venom, rElec
                  | rPois}
 77967 | Elf:3    | Identified Osoib's Tome of Glacial Transmutation
 77970 | Elf:3    | Identified the Incunabulum of Toxins and Transmutation
 78420 | Elf:3    | Found Natinnex's Weapon Emporium.
 78744 | Pan      | Entered Pandemonium
 79134 | Pan      | Got the ring of Plog {rN++ Int+6 Dex-5 Slay+2}
 79186 | Pan      | Found a runed translucent door.
 79680 | Pan      | Found a runed translucent door.
 79682 | Pan      | Gained mutation: You occasionally shout uncontrollably at
                  | your foes. [a cacodemon]
 79827 | Pan      | Gained mutation: Armour fits poorly on your strangely
                  | shaped body. [a cacodemon]
 79829 | Pan      | Gained mutation: You are dopey. (Int -2) [a cacodemon]
 79835 | Pan      | Gained mutation: Your spells are easier to cast, but less
                  | powerful. [a cacodemon]
 79888 | Pan      | Entered the realm of Cerebov.
 80521 | Pan      | Found an exit through the horrors of the Abyss.
 80716 | Pan      | Got a pair of encrusted gloves
 80725 | Pan      | Identified the +2 pair of gloves "Veepren" {+Inv MR++} (You
                  | found it in Pandemonium)
 80908 | Pan      | Identified the +6 sword of Cerebov {flame}
 80908 | Pan      | Noticed Cerebov
 80936 | Pan      | Killed Cerebov
 80952 | Pan      | Got a fiery rune of Zot
 81009 | Pan      | Noticed Loobusuo the pandemonium lord
 81030 | Pan      | Killed Loobusuo the pandemonium lord
 81083 | Pan      | Found a glowing silver altar of Zin.
 81083 | Pan      | Identified the +2 tower shield "Ecvuq" {*Corrode +Fly
                  | Dex+3}
 81563 | Pan      | Found a white marble altar of Elyvilon.
 84093 | Pan      | Reached skill level 27 in Shields
 84200 | Pan      | Reached skill level 27 in Armour
 84589 | Pan      | HP: 6/195 [daeva/divine providence (14)]
 84612 | Pan      | HP: 6/195 [daeva/divine providence (10)]
 84634 | Pan      | HP: 3/195 [daeva/divine providence (13)]
 84638 | Pan      | Killed from afar by a daeva

Illustrated notes

Levels and vault maps discovered:
D:1:      psy_arrival_conway, layout_basic
D:2:      layout_basic
D:3:      layout_basic, first_ration, chequers_ecumenical_altar_simple_redux
D:4:      layout_loops_cross
D:5:      layout_basic, gammafunk_temple_overflow_statue,
          minmay_temple_entry_trees, minmay_fire_ice_demons
D:6:      layout_loops_ring, lemuel_crystal_altar,
          hangedman_abyss_or_decor_stabs, kennysheep_generic_room_14
D:7:      layout_rooms, enter_ossuary_5, st_stairs_4, minmay_fractal_squares_5,
          uniq_maggie
D:8:      layout_cave_pools
D:9:      layout_basic, lemuel_zombie_altar_yredelemnul,
          chequers_temple_overflow_statue_of_worship, lemuel_crystal_altar,
          erik_lair_orcish_takeover
D:10:     layout_layer_cave, grunt_ogre_cave, st_stairs_1, grunt_ministairs_15,
          minivault_1, uniq_fannar
D:11:     layout_roguey, gauntlet_entry_generic, wad_floor_pattern_1,
          nicolae_qazlal_eye_of_the_storm
D:12:     layout_basic, david_orc_3, portal_ice_cave_demonic_guard,
          enter_bailey_2
D:13:     layout_basic, uniq_sonja
D:14:     layout_long_grid, david_vaults_2, minmay_misc_feat_square,
          serial_shops, shop
D:15:     hangedman_depths_entry_civil_slaughter, layout_basic,
          grunt_dithmenos_smoke, gammafunk_ghost_spectres
Temple:   eino_narrow_crystal_temple
Lair:1:   layout_regular_city, chequers_serial_rivers_room_b,
          grunt_megastairs_4, infiniplex_staircase_pool_2
Lair:2:   layout_long_grid, nicolae_spider_entry_orb_guardian,
          lemuel_fruit_tree, grunt_megastairs_3
Lair:3:   layout_regular_city, swamp_mist_pool, minmay_lair_oklob_chamber,
          uniq_gastronok
Lair:4:   layout_roguey, zaba_antful_of_joy
Lair:5:   layout_cellular_growth, slime_altar_1, serial_bayou_shore_a
Lair:6:   cheibrodos_lair_end_hotspot, layout_layer_cave,
          infiniplex_staircase_pool
Swamp:1:  layout_basic_swamp, gammafunk_ghost_grave, nicolae_swamp_godswood
Swamp:2:  layout_falls_marsh, hangedman_swamp_ruin_hall, uniq_louise
Swamp:3:  layout_basic_swamp, hangedman_swamp_pad
Swamp:4:  swamp_alternative, layout_basic_swamp, gammafunk_ghost_hydra_chop
Spider:1: layout_spider_delve, drop_trap, guppyfry_hornet_nest
Spider:2: layout_spider_delve
Spider:3: layout_spider_delve, uniq_azrael, uniq_bai_suzhen
Spider:4: grunt_spider_rune_island, uniq_kirke
Orc:1:    layout_caves
Orc:2:    st_orc_mages, layout_caves
Elf:1:    gammafunk_sealed_library, layout_gridlike,
          hangedman_elven_crosses_minicolossus, grunt_ministairs_7,
          minivault_24, st_stairs_4
Elf:2:    layout_onion_city, basic_altar, uniq_roxanne
Elf:3:    minmay_elf_hall_statues, layout_geoelf_octagon, special_room
          [special_room_mythical_zoo], serial_shops, shop_fountains, shop,
          nicolae_elf_big_sculpture_3, hangedman_elf_targetted_burst,
          corexii_leaking_fountain, nrook_mini_backslash
Vaults:1: ebering_vaults_ghost_gozag, ontoclasm_vaults_loading_screen,
          nicolae_vaults_disjoint_gnomons, vaults_mumra_chevron,
          nicolae_vaults_circle_grid_a, hangedman_vaults_maws,
          vaults_standard_mumra_lines, nicolae_vaults_big_angled_halls,
          nicolae_vaults_little_squares_6, ontoclasm_vaults_fault,
          nicolae_vaults_network_square, layout_vaults_maze_bifur
Vaults:2: nicolae_vaults_an_arrangement, vaults_room_boxed, v_misc_26,
          nicolae_vaults_little_squares_3,
          vaults_standard_mumra_enter_the_diamond,
          nicolae_vaults_little_squares_6, minmay_crypt_entry_simple_round,
          v_misc_10, v_misc_4, v_misc_11, vaults_dpeg_ring,
          layout_vaults_omnigrid, serial_shops, shop
Vaults:3: hangedman_vaults_nails, vaults_room_grid,
          ontoclasm_vaults_claustrophobia, hangedman_vaults_cutoff, v_rooms_3,
          v_misc_26, v_pattern_5, nicolae_vaults_little_squares_6,
          hangedman_vaults_snaps, nicolae_vaults_display_case,
          layout_vaults_big_cross, basic_altar, serial_shops,
          nicolae_shop_statue_plus, uniq_mara
Vaults:4: nicolae_vaults_twisting_passages, hangedman_vaults_trim,
          nicolae_vaults_little_squares_4, nicolae_vaults_rhombus_6,
          nicolae_vaults_circle_grid_a, hangedman_vaults_pinch,
          hangedman_vaults_impose, nicolae_vaults_theta,
          nicolae_vaults_holding_cells, ontoclasm_vaults_decontamination,
          layout_vaults_chaotic_city, uniq_margery
Vaults:5: uniq_sojobo
Crypt:1:  layout_gridlike, minivault_27, grunt_megastairs_2
Crypt:2:  layout_gridlike, uniq_xtahua
Crypt:3:  quadcrypt_mu
Depths:1: nooodl_heptagram, layout_basic, hell_entry, moated_statue,
          water_maze_lemuel
Depths:2: minmay_the_grid_3x3 [minmay_the_grid_garden, minmay_the_grid_tree,
          minmay_the_grid_small_cups, minmay_the_grid_mess,
          minmay_the_grid_aliased_spiral, minmay_the_grid_box_x,
          minmay_the_grid_dragon_b, minmay_the_grid_large_cup,
          minmay_the_grid_prize_diamond_cup], layout_honeycomb, minmay_holes,
          grunt_hell_horde
Depths:3: hangedman_pleasuredromes, hell_entry, pan_entry
Depths:4: minmay_big_diamond_grid, layout_cave_shapes, lemuel_statue_altar,
          hell_entry, rand_demon_pan_entry_8, abyss_entry, uniq_jory,
          uniq_saint_roka
Depths:5: grunt_zot_entry_hairpin, layout_cave_pools, hell_entry,
          serial_sigils_hangedman_scratch
Hell
Dis:1:    layout_jigsaw
Dis:2:    layout_overlapping_boxes
Dis:3:    layout_gridville, grunt_megastairs_1
Dis:4:    layout_chaotic_city
Dis:5:    layout_gridville
Dis:6:    layout_gridville
Dis:7:    iron_city_of_dis [dis_old, dis_wall_8], layout_chaotic_city,
          nicolae_dis_lava_storage_tank
Geh:1:    layout_gehenna_lava_caves
Geh:2:    layout_gehenna_pools_basic
Geh:3:    layout_gehenna_lava_caves
Geh:6:    layout_gehenna_lava_caves
Geh:7:    geh_grunt
Coc:1:    layout_cocytus_water_paths
Coc:2:    layout_cocytus_water_paths
Coc:3:    layout_cocytus_water_paths
Coc:4:    layout_ice_bergs
Coc:5:    layout_ice_bergs
Coc:6:    layout_cocytus_water_paths
Coc:7:    coc_grunt
Tar:1:    layout_grid_maze
Tar:2:    layout_grid_maze
Tar:3:    layout_grid_maze
Tar:4:    layout_grid_maze
Tar:5:    layout_catacombs
Tar:6:    layout_cathedral_of_symmetry, lemuel_elevator
Tar:7:    tar_mu [tar_mu_maze]
Pan:      gammafunk_dig_for_victory, layout_grid_shapes, rand_demon_9,
          layout_pan_divisions_a [pan_division_quadrant_a4,
          pan_division_quadrant_a2, pan_division_quadrant_a6,
          pan_division_quadrant_a2, pan_division_octagon_box],
          evilmike_mini_pan_pillars_b, layout_pan_divisions_b
          [pan_division_quadrant_b2, pan_division_quadrant_b3,
          pan_division_quadrant_b5, pan_division_quadrant_b4], rand_demon_9,
          layout_rooms, grunt_pan_in_and_out, layout_gridville, rand_demon_7,
          layout_rooms, evilmike_mini_pan_pillars, layout_basic,
          evilmike_mini_pan_doors_b, layout_irregular_city,
          nicolae_pan_cerebovesque_1, cerebov, layout_pan_divisions_a
          [pan_division_quadrant_a3, pan_division_quadrant_a2,
          pan_division_quadrant_a6, pan_division_quadrant_a3,
          pan_division_octagon_halves], pan_blood_fountain_small,
          evilmike_mini_pan_possible_glass, layout_cross, evilmike_holy_pan

Skill      XL: |  1  2  3  4  5  6  7  8  9 10 11 12 13 14 15 16 17 18 19 20 21 22 23 24 25 26 27 |
---------------+----------------------------------------------------------------------------------+-----
Dodging        | 1 2 3 4 5 6 7 8 9 10 11 12 13 14 15 16 | 16.0
Armour         | 4 5 6 7 8 9 11 12 13 14 15 16 17 18 19 20 27 | 27.0
Shields        | 4 5 6 7 8 9 11 12 13 14 15 16 17 18 19 20 27 | 27.0
Fighting       | 4 5 6 7 8 9 10 11 12 13 14 15 16 17 18 19 20 25 | 25.7
Maces & Flails | 3 4 5 6 7 8 10 11 12 13 15 20 | 20.8
Invocations    | 2 5 7 9 10 11 12 13 14 15 16 17 24 | 24.5
Long Blades    | 3 6 9 10 12 13 14 15 | 15.6
Evocations     | 5 |  5.2

Action                   |  1- 3 |  4- 6 |  7- 9 | 10-12 | 13-15 | 16-18 | 19-21 | 22-24 | 25-27 || total
-------------------------+-------+-------+-------+-------+-------+-------+-------+-------+-------++-------
Melee: Flail             |   142 |    40 |       |       |       |       |       |       |       ||   182
       Mace              |       |   206 |   364 |  1011 |  2191 |    20 |       |       |       ||  3792
       Eveningstar       |       |       |       |       |       |   623 |       |       |       ||   623
       Demon whip        |       |       |       |       |       |   285 |       |       |       ||   285
       Eudemon blade     |       |       |       |       |       |   874 |  1696 |  1975 |  1215 ||  5760
       Sacred scourge    |       |       |       |       |       |       |       |       |  7539 ||  7539
Invok: Heroism           |       |       |       |       |    21 |    16 |    13 |     7 |       ||    57
       Finesse           |       |       |       |       |     1 |     4 |     9 |     6 |       ||    20
       Cleansing Flame   |       |       |       |       |       |       |       |       |    20 ||    20
       Divine Shield     |       |       |       |       |       |       |       |       |    16 ||    16
       Brand Weapon With |       |       |       |       |       |       |       |       |     1 ||     1
       Summon Divine War |       |       |       |       |       |       |       |       |     2 ||     2
 Abil: Fly               |       |       |       |       |     1 |       |       |       |       ||     1
  Use: Potion            |       |       |     1 |     3 |     1 |     4 |     2 |       |    27 ||    38
       Scroll            |       |       |    23 |     9 |     3 |     9 |     4 |    12 |    29 ||    89
 Stab: Distracted        |       |       |       |       |     1 |       |       |       |       ||     1
       Sleeping          |       |       |       |       |     1 |       |       |       |       ||     1
       Confused          |       |       |       |       |       |     3 |       |       |       ||     3
  Eat: Chunk             |     2 |     9 |    11 |    14 |    42 |    35 |    24 |    27 |    34 ||   198
       Ration            |       |       |     1 |       |     1 |     2 |     1 |     1 |    23 ||    29
Armor: Scale mail        |    80 |   133 |    87 |       |       |       |       |       |       ||   300
       Ring mail         |       |       |    45 |   331 |   255 |       |       |       |       ||   631
       Chain mail        |       |       |       |       |    86 |       |       |       |       ||    86
       Plate armour      |       |       |       |       |   280 |   392 |       |       |       ||   672
       Crystal plate arm |       |       |       |       |       |   898 |   498 |   705 |  2092 ||  4193
Dodge: Dodged            |    60 |    85 |   109 |   380 |   764 |  1027 |   521 |   702 |  1797 ||  5445
Block: Kite shield       |    91 |   137 |    79 |       |       |       |       |       |       ||   307
       Tower shield      |       |       |   110 |  1108 |  2258 |  2546 |  1551 |  2230 |  8943 || 18746
       Rpst.: Eudemon blade |       |       |       |       |       |   115 |   108 |    97 |    71 ||   391
